 Dungeon Crawl Stone Soup version 0.24.0-123-gd5b16e6ec5 (webtiles) character file.

Game seed: 3142442800246312283, levelgen mode: deterministic

84 Emblim88 the Charmwright (level 4, -5/38 HPs)
             Began as a Gnoll Skald on Jan 2, 2020.
             Slain by Grinder (6 damage)
             ... on level 3 of the Dungeon.
             The game lasted 00:06:09 (1880 turns).

Emblim88 the Charmwright (Gnoll Skald)              Turns: 1880, Time: 00:06:10

Health: -5/38      AC:  5    Str: 14    XL:     4   Next: 46%
Magic:  5/11       EV: 14    Int: 16    God:
Gold:   122        SH:  0    Dex: 14    Spells: 5/13 levels left

rFire    . . .     SeeInvis .   l - +2 whip (venom)
rCold    . . .     Gourm    .   (no shield)
rNeg     . . .     Faith    .   b - +0 leather armour
rPois    .         Spirit   .   k - +0 helmet
rElec    .         Reflect  .   (no cloak)
rCorr    .         Harm     .   (no gloves)
MR       .....                  o - +0 pair of boots
Stlth    +.........             (no amulet)
HPRegen  0.12/turn              (no ring)
MPRegen  0.12/turn              (no ring)

@: infused
A: distributed training, fangs 1, strong nose
a: no special abilities


You were on level 3 of the Dungeon.
You were not hungry.

You visited 1 branch of the dungeon, and saw 4 of its levels.

You collected 122 gold pieces.

Inventory:

Hand Weapons
 a - a +0 falchion
 j - a +0 shortbow
 l - a +2 whip of venom (weapon)
Missiles
 m - 44 arrows
Armour
 b - a +0 leather armour (worn)
 h - a +0 chain mail
 k - a +0 helmet (worn)
 o - a +0 pair of boots (worn)
Wands
 n - a wand of random effects (22)
Scrolls
 f - a scroll of identify
 i - a scroll of enchant weapon
 r - 3 scrolls of remove curse
 s - a scroll of teleportation {unknown}
Potions
 c - 2 potions of brilliance {unknown}
 e - 2 potions of curing
 g - a potion of agility {unknown}
 p - a potion of lignification {unknown}
 t - a potion of ambrosia {unknown}
Comestibles
 d - 3 rations


   Skills:
 + Level 4.6 Fighting
 + Level 1.1 Short Blades
 + Level 4.6 Long Blades
 + Level 1.1 Axes
 + Level 1.1 Maces & Flails
 + Level 1.1 Polearms
 + Level 1.1 Staves
 + Level 1.1 Slings
 + Level 1.1 Bows
 + Level 1.1 Crossbows
 + Level 1.1 Throwing
 + Level 2.7 Armour
 + Level 4.6 Dodging
 + Level 1.1 Stealth
 + Level 1.1 Shields
 + Level 1.1 Unarmed Combat
 + Level 5.1 Spellcasting
 + Level 0.9 Conjurations
 + Level 0.9 Hexes
 + Level 5.4 Charms
 + Level 0.9 Summonings
 + Level 0.9 Necromancy
 + Level 0.9 Translocations
 + Level 0.9 Transmutations
 + Level 0.9 Fire Magic
 + Level 0.9 Ice Magic
 + Level 0.9 Air Magic
 + Level 0.9 Earth Magic
 + Level 0.9 Poison Magic
 + Level 1.2 Invocations
 + Level 1.1 Evocations


You had 5 spell levels left.
You knew the following spells:

 Your Spells              Type           Power        Failure   Level  Hunger
a - Infusion              Chrm           ###.         1%          1    None
b - Shroud of Golubria    Chrm/Tloc      ##....       8%          2    #......
c - Song of Slaying       Chrm           ###.....     3%          2    #......
d - Regeneration          Chrm/Necr      ##........   16%         3    ###....

Your spell library contained the following spells:

 Spells                   Type           Power        Failure   Level  Hunger
 Spectral Weapon          Hex/Chrm       ##......     16%         3    ###....


Dungeon Overview and Level Annotations

Branches:
Dungeon (4/15)
 Temple: D:4-7

Altars:

Annotations:
D:3 Grinder


Innate Abilities, Weirdness & Mutations

Your experience applies equally to all skills.
You have very sharp teeth.
Your uncanny sense of smell can sniff out nearby items.


Message History

You climb upwards.
Reactivating autopickup.
There is a stone staircase leading down here.
You hit the orc.
You kill the orc!
Grinder misses you. Something hits you but does no damage.
Deactivating autopickup; reactivate with Ctrl-A.
You barely miss Grinder.
Grinder is lightly wounded.
Grinder misses you. Something hits you.
You hit Grinder.
Grinder is lightly wounded.
Grinder gestures at you. Pain shoots through your body!
* * * LOW HITPOINT WARNING * * *
Something hits you but does no damage.
It was a potion of curing.
You feel better. Grinder hits you!
* * * LOW HITPOINT WARNING * * *
You writhe in agony.
You die...

#.##...........................#
.)............................##
...#..........................#
.........................<....###
.......^..[......................
..........................######.
...#.........<...........## ##
...#..........#5........## #
#..#..........#.@.......# #
..#............[........# #
###.##......#..#####....###### #
....#....####.## ####......# ##
..............# ######.# #.
.....#.#####..## #.###.
.......#.......# #.##..
.........####.## #..#.#
..##########..# ##.#.#


You could see Grinder.

Vanquished Creatures
  3 adders
  An ooze (D:1)
  A worm (D:2)
  3 dart slugs
  2 leopard geckos (D:2)
  3 orcs
  2 bats
  A giant cockroach (D:3)
  2 goblins
  7 hobgoblins
  2 quokkas (D:3)
  A ball python (D:2)
  4 frilled lizards
  7 kobolds
  4 rats
43 creatures vanquished.

Notes
Turn   | Place    | Note
-------+----------+-------------------------------------------
     0 | D:1      | Emblim88 the Gnoll Skald began the quest for the Orb.
     0 | D:1      | Reached XP level 1. HP: 20/20 MP: 6/6
   134 | D:1      | Reached XP level 2. HP: 26/26 MP: 7/7
   968 | D:2      | Learned a level 2 spell: Shroud of Golubria
   971 | D:2      | Learned a level 2 spell: Song of Slaying
  1034 | D:2      | Reached skill level 5 in Spellcasting
  1034 | D:2      | Reached XP level 3. HP: 31/31 MP: 7/9
  1157 | D:2      | Reached skill level 1 in Invocations
  1461 | D:3      | Reached skill level 1 in Short Blades
  1461 | D:3      | Reached skill level 1 in Axes
  1461 | D:3      | Reached skill level 1 in Maces & Flails
  1461 | D:3      | Reached skill level 1 in Polearms
  1461 | D:3      | Reached skill level 1 in Staves
  1461 | D:3      | Reached skill level 1 in Slings
  1461 | D:3      | Reached skill level 1 in Bows
  1461 | D:3      | Reached skill level 1 in Crossbows
  1461 | D:3      | Reached skill level 1 in Throwing
  1461 | D:3      | Reached skill level 1 in Stealth
  1461 | D:3      | Reached skill level 1 in Shields
  1461 | D:3      | Reached skill level 1 in Unarmed Combat
  1461 | D:3      | Reached skill level 1 in Evocations
  1461 | D:3      | Reached XP level 4. HP: 38/38 MP: 11/11
  1556 | D:3      | Learned a level 3 spell: Regeneration
  1859 | D:4      | Noticed Grinder
  1868 | D:4      | Paralysed by Grinder for 6 turns
  1880 | D:3      | HP: 1/38 [Grinder (10)]
  1880 | D:3      | Slain by Grinder

Levels and vault maps discovered:
D:1:      dpeg_arrival_castle, layout_loops_ring
D:2:      layout_basic, first_ration
D:3:      layout_rooms
D:4:      layout_cave_pods, gup_sewer_entry_bowl, serial_column_ruins,
          column_ruins_square_large, column_ruins_open_small_water,
          column_ruins_open_tiny, column_ruins_columns_dead_end,
          column_ruins_open_medium, column_ruins_grid_3,
          column_ruins_columns_straight, minmay_misc_feat_ornament, uniq_pikel,
          uniq_natasha, uniq_grinder

Skill      XL: |  1  2  3 |
---------------+----------+-----
Spellcasting   | 5 |  5.1
Invocations    | 1 |  1.2
Short Blades   | 1 |  1.1
Axes           | 1 |  1.1
Maces & Flails | 1 |  1.1
Polearms       | 1 |  1.1
Staves         | 1 |  1.1
Slings         | 1 |  1.1
Bows           | 1 |  1.1
Crossbows      | 1 |  1.1
Throwing       | 1 |  1.1
Stealth        | 1 |  1.1
Shields        | 1 |  1.1
Unarmed Combat | 1 |  1.1
Evocations     | 1 |  1.1
Fighting       | |  4.6
Long Blades    | |  4.6
Armour         | |  2.7
Dodging        | |  4.6
Conjurations   | |  0.9
Hexes          | |  0.9
Charms         | |  5.4
Summonings     | |  0.9
Necromancy     | |  0.9
Translocations | |  0.9
Transmutations | |  0.9
Fire Magic     | |  0.9
Ice Magic      | |  0.9
Air Magic      | |  0.9
Earth Magic    | |  0.9
Poison Magic   | |  0.9

Action                   |  1- 3 |  4- 6 || total
-------------------------+-------+-------++-------
Melee: Falchion          |    88 |       ||    88
       Bite              |    12 |     7 ||    19
       Whip              |     6 |    35 ||    41
       Punch             |       |     1 ||     1
 Cast: Infusion          |     1 |     1 ||     2
       Shroud of Golubri |       |     1 ||     1
  Use: Scroll            |       |     2 ||     2
       Potion            |       |     1 ||     1
  Eat: Chunk             |     2 |     1 ||     3
Armor: Leather armour    |    16 |    21 ||    37
Dodge: Dodged            |    68 |    25 ||    93
       Rpst.: Falchion   |    19 |       ||    19
